 Dungeon Sprint DCSS version 0.14-a0-1686-g0e827d1 (webtiles) character file.

23 LoliLover the Ruinous (level 2, -5/23 HPs)
             Began as a Djinni Conjurer on Dec 30, 2013.
             Was a Priest of Makhleb.
             Impaled on a porcupine's spines (9 damage)
             ... in the Dungeon (Sprint VII: "The Pits").
             The game lasted 00:01:49 (164 turns).

LoliLover the Ruinous (Djinni Conjurer)              Turns: 164, Time: 00:01:49

HP  -5/23        AC  2     Str  8      XL: 2   Next: 72%
MP   0/0         EV 13     Int 15      God: Makhleb [***...]
Gold 0           SH  0     Dex 13      Spells:  1 memorised,  7 levels left

rFire  + + +     SeeInvis .     b - +2 dagger
rCold  x . .     Clarity  .     a - +0 robe
rNeg   + + +     Conserve .     (no shield)
rPois  .         rCorr    .     (no helmet)
rElec  .         rRot     .     (no cloak)
SustAb . .       Spirit   .     (no gloves)
rMut   .         Warding  .     (boots unavailable)
Saprov . . .     NoTele   +     (no amulet)
                                (no ring)
                                (no ring)

@: invisible (expiring), flying, very slightly contaminated, not resistant to
hostile enchantments, fairly stealthy
A: fire immunity, cold vulnerability, life protection 3
a: Minor Destruction, Lesser Servant of Makhleb, Renounce Religion


You were in the Dungeon.
You worshipped Makhleb.
Makhleb was most pleased with you.
You were not hungry.

You visited 1 branch

Inventory:

Hand weapons
 b - a +2,+2 dagger (weapon)
Missiles
 m - 10 stones (quivered)
Armour
 a - a +0 robe (worn)
Scrolls
 h - 2 scrolls of vulnerability
 i - a scroll of blinking
 j - 3 scrolls of remove curse
 k - 5 scrolls of amnesia
 l - a scroll of summoning
Potions
 e - a potion of invisibility
 f - a potion of speed
 g - 3 potions of magic
Books
 c - a book of Conjurations

   Spells                             Type                      Level
   *Magic Dart                        Conjuration                  1
   Searing Ray                        Conjuration                  2
   Dazzling Spray                     Conjuration/Hexes            3
   Iskenderun's Mystic Blast          Conjuration                  4
   Iskenderun's Battlesphere          Conjuration/Charms           4
   Fulminant Prism                    Conjuration/Hexes            5
Magical staves
 n - an uncursed staff of energy


   Skills:
 + Level 3.0 Dodging
 + Level 2.8 Stealth
 + Level 3.9 Spellcasting
 + Level 5.3 Conjurations


You had 7 spell levels left.
You knew the following spells:

 Your Spells              Type           Power        Failure   Level  Hunger
a - Magic Dart            Conj           ###.         1%          1    None


Dungeon Overview and Level Annotations

Branches:
Dungeon (1/1)

Altars:
Ashenzari
Cheibriados
Elyvilon
Fedhas
Kikubaaqudgha
Makhleb
Nemelex Xobeh
Okawaru
Sif Muna
Trog
Vehumet
Xom
Yredelemnul
Zin
the Shining One
Beogh
Jiyva
Lugonu


Innate Abilities, Weirdness & Mutations

You are immune to all types of fire, even holy and hellish.
You are vulnerable to cold.
You need no food.
You have no legs.
You are immune to negative energy.


Message History

You feel a little better.
The helpless rat zombie fails to defend itself.
You slash the rat zombie!
You destroy the rat zombie!
Makhleb accepts your kill.
You feel a little better.
Your Dodging skill increases to level 3!
The porcupine bites you.
You are struck by the porcupine's spines.
You closely miss the porcupine.
You flicker for a moment.
The porcupine misses you.
You are struck by the porcupine's spines.
You catch the helpless porcupine completely off-guard!
You hit the porcupine.
The porcupine is heavily wounded.
The porcupine bites you.
* * * LOW HITPOINT WARNING * * *
You are struck by the porcupine's spines.
You die...

#...........'.........
#+#####'#####......#..
#.....# #.........
#.....# ####'#####
###'### #.......#
#)....# #.......#
#.....# #.......#
####'##+###...<...#
#..@.....##.......#
#..r....r##.......#
###########.......#
#########


You could see a porcupine and a rat (sleeping).

Vanquished Creatures
  An adder (D)
  An ufetubus (D)
  A ball python (D)
  A hobgoblin (D)
  A kobold (D)
  4 jackals (D)
  A rat zombie (D)
10 creatures vanquished.

Notes
Turn   | Place    | Note
--------------------------------------------------------------
     0 | D        | LoliLover, the Djinni Conjurer, began the quest for the Orb.
     0 | D        | Reached XP level 1. HP: 14/14 MP: 0/0
    24 | D        | Found a basalt altar of Yredelemnul.
    24 | D        | Found a deep blue altar of Sif Muna.
    24 | D        | Found a burning altar of Makhleb.
    24 | D        | Found a shimmering altar of Xom.
    24 | D        | Found an ancient bone altar of Kikubaaqudgha.
    24 | D        | Found a sparkling altar of Nemelex Xobeh.
    25 | D        | Found a glowing golden altar of the Shining One.
    25 | D        | Found a bloodstained altar of Trog.
    25 | D        | Found a shattered altar of Ashenzari.
    25 | D        | Found a white marble altar of Elyvilon.
    25 | D        | Found a snail-covered altar of Cheibriados.
    25 | D        | Found a blossoming altar of Fedhas.
    25 | D        | Found a radiant altar of Vehumet.
    25 | D        | Found a glowing silver altar of Zin.
    25 | D        | Found a corrupted altar of Lugonu.
    25 | D        | Found a viscous altar of Jiyva.
    25 | D        | Found a roughly hewn altar of Beogh.
    25 | D        | Found an iron altar of Okawaru.
    28 | D        | Became a worshipper of Makhleb the Destroyer
   121 | D        | Acquired Makhleb's first power
   121 | D        | Reached XP level 2. EP: 9/23
   126 | D        | Reached skill level 5 in Conjurations
   135 | D        | Acquired Makhleb's second power
   148 | D        | Acquired Makhleb's third power
   156 | D        | Noticed a porcupine
   164 | D        | Impaled on a porcupine's spines

Action                   || total
-------------------------++-------
Melee: Dagger            ||    33
 Cast: Magic Dart        ||     7
  Use: Potion            ||     4
 Stab: Sleeping          ||     4
       Invisible         ||     3
